 Dungeon Crawl Stone Soup version 0.30.0-29-ga12c61a403 (webtiles) character file.

Game seed: 12646123153198332958

6 Graphine the Sneak (level 1, 0/17 HPs)
             Began as a Merfolk Brigand on June 22, 2023.
             Slain by a hobgoblin (4 damage)
             ... on level 1 of the Dungeon.
             The game lasted 00:00:47 (155 turns).

Graphine the Sneak (Merfolk Brigand)                 Turns: 155, Time: 00:00:47

Health: 0/17       AC:  3    Str: 11    XL:     1   Next: 90%
Magic:  1/1        EV: 12    Int: 10    God:
Gold:   16         SH:  0    Dex: 15    Spells: 0/0 levels left

rFire   . . .        a - +2 dagger
rCold   . . .        (no shield)
rNeg    . . .        b - +0 robe
rPois   .            (no helmet)
rElec   .            c - +0 cloak
rCorr   .            (no gloves)
SInv    .            (no boots)
Will    .....        (no amulet)
Stlth   +++          (no ring)
HPRegen 0.22/turn    (no ring)
MPRegen 0.07/turn

%: no passive effects
@: no status effects
A: (nimble swimmer 2), mertail
a: no special abilities


You were on level 1 of the Dungeon.
You visited 1 branch of the dungeon, and saw 1 of its levels.

You collected 16 gold pieces.

Inventory:

Hand Weapons
 a - a +2 dagger (weapon)
Missiles
 d - 9 poisoned darts
 e - 3 curare-tipped darts
 f - 4 javelins (quivered)
Armour
 b - a +0 robe (worn)
 c - a +0 cloak (worn)
Scrolls
 h - a scroll of immolation {unknown}
Potions
 g - a potion of flight {unknown}


   Skills:
 + Level 2.3 Fighting
 + Level 2.5 Short Blades
 + Level 2.1 Throwing
 + Level 1.6 Dodging
 + Level 4.4 Stealth


You couldn't memorise any spells.
You didn't know any spells.
Your spell library was empty.

Dungeon Overview and Level Annotations

Branches:
Dungeon (1/15)

Altars:


Innate Abilities, Weirdness & Mutations

((You are very nimble when in or above water. (Stealth+, EV+, Speed+++)))
Your lower body shifts to a powerful aquatic tail in water.


Message History

The giant cockroach bites you but does no damage.
You hit the hobgoblin.
The hobgoblin is almost dead.
The hobgoblin hits you. x2; The rat bites you but does no damage.
The giant cockroach bites you.
You hit the hobgoblin but do no damage.
The hobgoblin is almost dead.
The giant cockroach barely misses you. The hobgoblin barely misses you.
The hobgoblin hits you but does no damage.
The rat closely misses you.
You barely miss the hobgoblin.
The hobgoblin is almost dead.
The giant cockroach bites you. The hobgoblin hits you. x2
* * * LOW HITPOINT WARNING * * *
The rat barely misses you.
You are too injured to fight recklessly!
Okay, then.
Okay, then.
Okay, then.
The hobgoblin barely misses you.
The giant cockroach attacks as you move away!
The giant cockroach bites you but does no damage.
You see here a hobgoblin corpse.
The hobgoblin attacks as you move away! The hobgoblin closely misses you.
The giant cockroach attacks as you move away!
The giant cockroach misses you. The giant cockroach barely misses you.
A rat comes into view.
The giant cockroach closely misses you.
You hit the giant cockroach.
You kill the giant cockroach!
You closely miss the hobgoblin.
The hobgoblin is almost dead.
You closely miss the hobgoblin.
The hobgoblin is almost dead.
The hobgoblin hits you.
* * * LOW HITPOINT WARNING * * *
You closely miss the hobgoblin.
The hobgoblin is almost dead.
The hobgoblin hits you.
You die...

##..⌠..#######............
##...##................. .
##.##..#####.........# ..
#.# #.........#.## #.#
####.......... #.#
###............ #+#
###...##.........
###g.r..†..........
#.@g##.............
.......####.............
...r.## #.........#...
.... #.........# ## ...
#.........# .. #.........#
. #.........#


You could see 2 hobgoblins and 2 rats.

Vanquished Creatures
  A giant cockroach (D:1)
  A hobgoblin (D:1)
  A bat (D:1)
  2 frilled lizards (D:1)
  2 rats (D:1)
7 creatures vanquished.

Notes
Turn   | Place    | Note
-------+----------+-------------------------------------------
     0 | D:1      | Graphine the Merfolk Brigand began the quest for the Orb.
     0 | D:1      | Reached XP level 1. HP: 16/16 MP: 1/1
    38 | D:1      | Found a faded altar of an unknown god.
   155 | D:1      | Slain by a hobgoblin

Illustrated notes

Levels and vault maps discovered:
D:1:      evilmike_arrival_plus, layout_rooms, serial_shops,
          nicolae_square_shop, chequers_ecumenical_altar_island

Action                     || total
---------------------------++-------
  Melee: Dagger            ||    18
   Stab: Sleeping          ||     2
 Armour: Robe              ||     7
  Dodge: Dodged            ||    16
